 Dungeon Crawl Stone Soup version 0.30.0-3-ga4e48a9924 (webtiles) character file.

Game seed: 17716856414220954777

2 monsoonserge the Sneak (level 1, 0/9 HPs)
             Began as a Spriggan Enchanter on May 8, 2023.
             Frozen to death by an endoplasm (3 damage)
             ... on level 1 of the Dungeon.
             The game lasted 00:00:22 (90 turns).

monsoonserge the Sneak (Spriggan Enchanter)           Turns: 90, Time: 00:00:23

Health: 0/9        AC:  2    Str:  4    XL:     1   Next: 25%
Magic:  5/5        EV: 17    Int: 16    God:
Gold:   14         SH:  0    Dex: 15    Spells: 5/5 levels left

rFire   . . .        a - +1 dagger
rCold   . . .        (no shield)
rNeg    . . .        b - +0 robe
rPois   .            (helmet restricted)
rElec   .            (no cloak)
rCorr   .            (gloves unavailable)
SInv    +            (boots unavailable)
Will    .....        (no amulet)
Stlth   +++          (no ring)
HPRegen 0.21/turn    (no ring)
MPRegen 0.09/turn

%: no passive effects
@: very quick
A: very small, no large weapons, unfitting armour, see invisible, speed 3
a: no special abilities


You were on level 1 of the Dungeon.
You visited 1 branch of the dungeon, and saw 1 of its levels.

You collected 14 gold pieces.

Inventory:

Hand Weapons
 a - a +1 dagger (weapon)
Armour
 b - a +0 robe (worn)
Potions
 c - 2 potions of invisibility


   Skills:
 + Level 1.1 Short Blades
 + Level 2.7 Dodging
 + Level 4.4 Stealth
 + Level 2.7 Spellcasting
 + Level 3.7 Hexes


You had 5 spell levels left.
You didn't know any spells.
Your spell library contained the following spells:

 Spells                   Type           Power      Damage    Failure   Level
 Confusing Touch          Hex            14%        N/A       13%         3
 Tukima's Dance           Hex            14%        N/A       13%         3
 Ensorcelled Hibernation  Hex/Ice        16%        N/A       14%         2
 Dazzling Flash           Conj/Hex       16%        N/A       26%         3


Dungeon Overview and Level Annotations

Branches:
Dungeon (1/15)

Altars:


Innate Abilities, Weirdness & Mutations

You are very small and have problems with some larger weapons.
You are too small for most types of armour.
You have supernaturally acute eyesight. (SInv)
You cover ground extremely quickly. (Speed+++)


Message History

The goblin shouts!
The endoplasm quivers.
You hit the endoplasm.
The endoplasm is heavily wounded.
The goblin hits you with a +0 club. The endoplasm barely misses you.
You hit the endoplasm.
You kill the endoplasm!
A ball python comes into view.
An endoplasm comes into view.
The goblin misses you.
You closely miss the goblin. The goblin hits you with a +0 club.
The ball python hisses angrily.
You hit the goblin.
You kill the goblin!
Things that are here:
a +0 club; a goblin corpse You open the door.
Found a short sword.
There is an open door here.
You close the door.
You see here a +0 short sword.
You barely miss the endoplasm. The endoplasm closely misses you.
You hit the endoplasm.
The endoplasm is lightly wounded.
The endoplasm freezes you.
You are frozen.
Ouch! That really hurt!
You hit the endoplasm.
The endoplasm is moderately wounded.
The endoplasm freezes you.
You are frozen.
* * * LOW HITPOINT WARNING * * *
Unknown command.
You see here a +0 short sword.
You open the door. The ball python closely misses you.
The ball python completely misses you.
You hit the endoplasm.
The endoplasm is almost dead.
The endoplasm freezes you.
You are frozen.
You die...

#. ## #...........# #.####.
##...........### #......
.......<.......8 #......
##...........### #......
#...........#
#......########.........##
#.............#.........#
####.....)..###)###.....###
...........S@J.# #.....#
#.........#######.....##
###.........# #8.....8#
............# ##.....##
##.....#### ##.....##
#..)..# #8.....8#
.......#.# ##.....##
########.# ##.....## #.###
#8.....8#


You could see an endoplasm and a ball python.

Vanquished Creatures
  An endoplasm (D:1)
  A goblin (D:1)
2 creatures vanquished.

Notes
Turn   | Place    | Note
-------+----------+-------------------------------------------
     0 | D:1      | monsoonserge the Spriggan Enchanter began the quest for the
                  | Orb.
     0 | D:1      | Reached XP level 1. HP: 9/9 MP: 5/5
    90 | D:1      | Frozen to death by an endoplasm

Illustrated notes

Levels and vault maps discovered:
D:1:      psy_arrival_heroes, layout_basic,
          hellmonk_ecumenical_altar_inner_sanctum,
          nicolae_kite_square_tiling_tiny

Action                     || total
---------------------------++-------
  Melee: Dagger            ||     8
  Dodge: Dodged            ||     5
